 Dungeon Crawl Stone Soup version 0.20.1-1-g8b1a95d (webtiles) character file.

2323 Peloso the Carver (level 9, -1/78 HPs)
             Began as a Minotaur Fighter on July 4, 2017.
             Slain by a hellwing (5 damage)
             ... on level 7 of the Dungeon.
             The game lasted 00:10:54 (5267 turns).

Peloso the Carver (Minotaur Fighter)                Turns: 5267, Time: 00:10:55

Health: -1/78      AC: 11    Str: 28    XL:     9   Next: 19%
Magic:  8/8        EV:  8    Int:  5    God:
Gold:   343        SH: 12    Dex: 11    Spells: 8/8 levels left

rFire    . . .     SeeInvis .   a - +0 long sword
rCold    . . .     Gourm    .   c - +0 shield
rNeg     . . .     Faith    .   y - +0 chain mail
rPois    .         Spirit   .   (helmet restricted)
rElec    .         Reflect  .   (no cloak)
rCorr    .         Harm     .   v - +0 pair of gloves
MR       .....                  (no boots)
Stlth    ..........             t - amulet of regeneration
Regen    0.7/turn               m - ring of flight
MPRegen  0.2/turn               (no ring)

@: mighty
A: retaliatory headbutt, horns 2
a: Evoke Flight


You were on level 7 of the Dungeon.
You were hungry.

You visited 1 branch of the dungeon, and saw 7 of its levels.

You collected 343 gold pieces.

Inventory:

Hand Weapons
 a - a +0 long sword (weapon)
Armour
 c - a +0 shield (worn)
 v - a +0 pair of gloves (worn)
 y - a +0 chain mail (worn)
Jewellery
 m - a ring of flight (left hand)
 t - an amulet of regeneration (around neck)
Wands
 u - a wand of random effects (31/48)
 C - a wand of random effects (29/48)
Scrolls
 b - 2 scrolls of blinking {unknown}
 e - 2 scrolls of teleportation {unknown}
 g - 5 scrolls of identify
 h - 2 scrolls of recharging {unknown}
 i - a scroll of fear {unknown}
 j - 2 scrolls of fog {unknown}
 k - 2 scrolls of enchant armour {unknown}
 n - 2 scrolls of remove curse {unknown}
 x - a scroll of enchant weapon {unknown}
 B - a scroll of silence {unknown}
Potions
 d - a potion of might
 o - a potion of curing
 q - 3 potions of flight
 A - a potion of invisibility {unknown}
Books
 p - a book of Minor Magic

   Spells                             Type                      Level
   a - Magic Dart                     Conjuration                  1
   b - Blink                          Translocation                2
   c - Call Imp                       Summoning                    2
   d - Slow                           Hexes                        2
   e - Conjure Flame                  Conjuration/Fire             3
   f - Mephitic Cloud                 Conjuration/Poison/Air       3
 w - a book of Necromancy

   Spells                             Type                      Level
   a - Pain                           Necromancy                   1
   b - Animate Skeleton               Necromancy                   1
   c - Vampiric Draining              Necromancy                   3
   d - Regeneration                   Charms/Necromancy            3
   e - Animate Dead                   Necromancy                   4
   f - Control Undead                 Necromancy                   4
 z - a book of Battle

   Spells                             Type                      Level
   a - Infusion                       Charms                       1
   b - Shroud of Golubria             Charms/Translocation         2
   c - Song of Slaying                Charms                       2
   d - Spectral Weapon                Hexes/Charms                 3
   e - Regeneration                   Charms/Necromancy            3
Comestibles
 f - 4 bread rations
 l - 2 royal jellies
 s - 3 meat rations
 D - 3 chunks of flesh


   Skills:
 + Level 6.6 Fighting
 + Level 9.4 Long Blades
 + Level 7.1 Armour
 + Level 2.5 Dodging
 + Level 0.1 Stealth
 + Level 8.2 Shields


You had 8 spell levels left.
You didn't know any spells.

Dungeon Overview and Level Annotations

Branches:
Dungeon (7/15)
 Temple: D:4-7

Altars:
Cheibriados
Gozag
Kikubaaqudgha
Makhleb
Nemelex Xobeh
Ru
Sif Muna


Innate Abilities, Weirdness & Mutations

You reflexively headbutt those who attack you in melee.
You have a pair of horns on your head.


Message History

You block the centaur warrior skeleton's attack.
You block the hellwing's attack. The hellwing barely misses you.
Unknown command.
Your chain mail prevents you from hitting the hellwing.
Your headbutt misses the hellwing.
The hellwing is almost dead.
You block the hellwing's attack. x2; The centaur warrior skeleton hits you.
* * * LOW HITPOINT WARNING * * *
You block the hellwing's attack.
The hellwing hits you but does no damage.
You hit the hellwing but do no damage.
You headbutt the hellwing, but do no damage.
The hellwing is almost dead.
The centaur warrior skeleton hits you.
* * * LOW HITPOINT WARNING * * *
The hellwing completely misses you. You furiously retaliate!
You headbutt the hellwing!
You riposte.
You slash the hellwing!
The hellwing is severely wounded.
You block the hellwing's attack. The hellwing hits you.
You die...

#...#............
#...#............
#...#...#........
#...#...#........
#...#.#.#........
#...#.#..........
#...#.#..Z.......
#...#.#.Z4#####.
#...#<#.#@#
#...###.#4# ####.
#######.#5##8....
.......Z#.8P...
............P..
.....$.......P.
..........4....
.......?P.....$
.......$....Z.∩


You could see 2 hellwings, a shadow imp, 2 centaur warrior zombies and a centaur
warrior skeleton.

Vanquished Creatures
  2 centaur zombies (D:7)
  Menkaure (D:6)
  A sky beast (D:6)
  2 ogres
  2 phantoms
  Blork the orc (D:4)
  2 scorpions
  A howler monkey (D:3)
  A bullfrog zombie (D:6)
  4 crimson imps
  A jelly (D:5)
  2 hounds
  6 orc priests
  4 orc wizards
  An iguana (D:4)
  4 worker ants
  A hound zombie (D:6)
  A howler monkey zombie (D:6)
  6 adders
  3 shadow imps
  An ooze (D:3)
  An adder skeleton (D:4)
  An adder zombie (D:6)
  A worm (D:5)
  2 dart slugs
  2 leopard geckos
  30 orcs
  3 giant cockroaches
  6 goblins
  5 hobgoblins
  5 jackals
  2 ball pythons
  5 bats
  A frilled lizard (D:3)
  4 kobolds
  A leopard gecko skeleton (D:3)
  A quokka zombie (D:7)
  9 rats
126 creatures vanquished.

Notes
Turn   | Place    | Note
-------+----------+-------------------------------------------
     0 | D:1      | Peloso the Minotaur Fighter began the quest for the Orb.
     0 | D:1      | Reached XP level 1. HP: 19/19 MP: 0/0
   387 | D:1      | Reached XP level 2. HP: 27/27 MP: 1/1
   801 | D:2      | Reached XP level 3. HP: 30/33 MP: 2/2
  1404 | D:2      | Reached skill level 3 in Long Blades
  1575 | D:3      | Reached XP level 4. HP: 38/41 MP: 3/3
  1712 | D:3      | Found an ancient bone altar of Kikubaaqudgha.
  2062 | D:4      | Reached skill level 4 in Long Blades
  2062 | D:4      | Reached XP level 5. HP: 41/47 MP: 4/4
  2164 | D:4      | Noticed Blork the orc
  2172 | D:4      | Killed Blork the orc
  2172 | D:4      | Reached skill level 5 in Armour
  2172 | D:4      | Reached skill level 1 in Dodging
  2405 | D:4      | Reached XP level 6. HP: 51/55 MP: 5/5
  2489 | D:4      | Found a deep blue altar of Sif Muna.
  2684 | D:4      | Reached skill level 5 in Long Blades
  2707 | D:4      | Reached skill level 5 in Fighting
  2707 | D:4      | Reached skill level 5 in Shields
  2911 | D:5      | Entered Level 5 of the Dungeon
  3053 | D:5      | Reached XP level 7. HP: 61/61 MP: 6/6
  3127 | D:5      | Reached skill level 6 in Long Blades
  3580 | D:5      | Found a sacrificial altar of Ru.
  4139 | D:6      | Reached XP level 8. HP: 56/69 MP: 7/7
  4144 | D:6      | Reached skill level 7 in Long Blades
  4428 | D:6      | Found a snail-covered altar of Cheibriados.
  4732 | D:6      | Found a sparkling altar of Nemelex Xobeh.
  4733 | D:6      | Found an opulent altar of Gozag.
  4736 | D:6      | Found a burning altar of Makhleb.
  4915 | D:6      | Noticed Menkaure
  4929 | D:6      | Killed Menkaure
  4929 | D:6      | Reached skill level 8 in Long Blades
  5227 | D:7      | Reached skill level 9 in Long Blades
  5227 | D:7      | Reached XP level 9. HP: 68/77 MP: 8/8
  5234 | D:7      | Noticed a hellwing
  5235 | D:7      | Noticed a hellwing
  5267 | D:7      | Slain by a hellwing

Skill      XL: |  1  2  3  4  5  6  7  8  9 |
---------------+----------------------------+-----
Armour         | 4 5 6 7 |  7.1
Fighting       | 4 5 6 |  6.6
Long Blades    | 3 4 5 6 9 |  9.4
Shields        | 4 5 6 7 8 |  8.2
Dodging        | 1 2 |  2.5
Stealth        | |  0.1

Action                   |  1- 3 |  4- 6 |  7- 9 || total
-------------------------+-------+-------+-------++-------
Melee: Long sword        |    65 |   109 |   307 ||   481
       Headbutt          |     7 |    20 |    65 ||    92
  Use: Scroll            |       |       |     5 ||     5
       Potion            |       |       |     3 ||     3
  Eat: Chunk             |     2 |     5 |     7 ||    14
Armor: Scale mail        |    31 |    46 |    17 ||    94
       Chain mail        |       |       |   120 ||   120
Dodge: Dodged            |    23 |    31 |    80 ||   134
Block: Shield            |    37 |    69 |   184 ||   290
       Rpst.: Long sword |     7 |     6 |    20 ||    33
